Boston Bruins vs Calgary Flames
Created - Wednesday, April 17, 2024 at 07:47
Goals
|
| Boston Bruins |
0 |
0 |
0 |
0 |
| Calgary Flames |
0 |
2 |
0 |
2 |
|
Shots
|
| Boston Bruins |
9 |
11 |
5 |
25 |
| Calgary Flames |
7 |
9 |
11 |
27 |
|
1st period
No Goal
Penalties :
Matthew Tkachuk (CGY) for Charging (Double Minor) at 0:15, Michael Anderson (CGY) for Holding (Minor) at 11:58, Rasmus Andersson (CGY) for Tripping (Minor) at 18:12
2nd period
1. Calgary Flames , J.T. Miller 15 (Nic Dowd 12) at 0:06 (SH)
2. Calgary Flames , Joel Eriksson Ek 14 (Matthew Tkachuk 26, Cole Sillinger 5) at 5:45
Penalties :
Charlie McAvoy (BOS) for High sticking (Minor) at 1:31, Charlie McAvoy (BOS) for Interference (Minor) at 7:20, John-Jason Peterka (BOS) for Hooking (Minor) at 10:04, Matt Grzelcyk (BOS) for Tripping (Minor) at 16:06
3rd period
No Goal
Penalties :
Rasmus Andersson (CGY) for Holding (Minor) at 0:59, Tyson Barrie (BOS) for Holding Stick (Minor) at 1:55
Goalie Stats
Leevi Merilainen (BOS), 25 saves from 27 shots - (0.926), L, 6-12-6, 60:00 minutes
Samuel Montembeault (CGY), 25 saves from 25 shots - (1.000), W, 13-4-3, 60:00 minutes
Players Stats for Boston Bruins
Player Name G A P +/- PIM S H SB GA TA FO MP PP MP PK MP
------------------------------------------------------------------------------------
Anthony Beauvillier 0 0 0 -1 0 3 0 0 0 0 1/2 18:27 4:00 4:18
Brandon Hagel 0 0 0 -1 0 1 3 0 0 0 2/6 23:38 4:00 3:20
Cam York 0 0 0 -1 0 0 0 0 0 1 0/0 21:52 3:40 4:37
Charlie McAvoy 0 0 0 -1 4 1 0 1 2 3 0/0 22:09 4:38 2:05
Curtis Hall 0 0 0 0 0 0 0 0 0 0 0/1 2:52 1:07 0:00
David Krejci 0 0 0 -1 0 3 2 0 0 0 9/14 21:11 3:37 4:18
Joe Veleno 0 0 0 0 0 4 1 1 0 0 0/1 12:54 0:23 1:00
Joel Farabee 0 0 0 -1 0 4 2 0 0 0 0/0 16:28 3:37 0:00
John-Jason Peterka 0 0 0 -1 2 1 1 0 1 1 0/0 16:38 3:47 0:00
Luke Kunin 0 0 0 0 0 3 1 0 0 0 4/4 7:45 0:48 0:00
Matt Grzelcyk 0 0 0 0 2 0 1 1 0 0 0/0 15:42 0:49 0:31
Morgan Geekie 0 0 0 0 0 1 2 0 0 1 0/0 10:29 0:00 0:00
Otto Koivula 0 0 0 0 0 0 1 0 1 0 0/0 6:55 0:00 0:00
Pavel Zacha 0 0 0 -1 0 0 1 0 0 1 4/17 18:39 4:01 3:54
Ryan Donato 0 0 0 0 0 1 1 0 0 0 1/7 13:15 1:19 0:54
Samuel Bolduc 0 0 0 0 0 1 1 0 0 1 0/0 15:41 0:13 2:23
Samuel Girard 0 0 0 -1 0 0 2 0 1 2 0/0 21:51 3:56 4:21
Tyson Barrie 0 0 0 -1 2 2 1 1 1 2 0/0 23:34 4:29 3:47
Players Stats for Calgary Flames
Player Name G A P +/- PIM S H SB GA TA FO MP PP MP PK MP
------------------------------------------------------------------------------------
Cole Sillinger 0 1 1 0 0 0 1 0 0 0 1/2 6:11 0:00 0:00
Drew Doughty 0 0 0 1 0 0 1 0 1 0 0/0 23:17 4:21 4:00
J.T. Miller 1 0 1 2 0 4 2 0 2 0 8/15 21:50 3:59 4:04
Jeff Petry 0 0 0 0 0 3 2 1 0 0 0/0 24:08 4:04 4:16
Joel Eriksson Ek 1 0 1 1 0 3 0 0 0 0 2/2 20:31 4:04 3:20
Kris Letang 0 0 0 0 0 1 1 0 0 0 0/0 20:01 4:47 0:42
Mathieu Joseph 0 0 0 0 0 1 2 0 3 1 0/0 15:38 0:17 3:41
Matthew Tkachuk 0 1 1 1 4 3 3 0 1 0 0/0 17:05 4:04 0:03
Michael Anderson 0 0 0 2 2 0 0 0 0 0 0/0 16:09 0:01 3:15
Nic Dowd 0 1 1 1 0 0 0 0 0 0 8/12 16:12 0:22 3:51
Oliver Bjorkstrand 0 0 0 0 0 3 0 0 3 0 0/1 11:33 0:17 0:00
Rafael Harvey-Pinard 0 0 0 0 0 1 0 1 0 1 0/0 6:11 0:00 0:00
Rasmus Andersson 0 0 0 1 4 2 1 2 1 1 0/0 18:05 4:32 0:42
Ryan McDonagh 0 0 0 0 0 0 1 0 0 2 0/0 18:36 0:00 4:51
Sebastian Aho 0 0 0 0 0 2 2 0 0 0 11/18 16:58 4:31 2:00
Timo Meier 0 0 0 0 0 3 0 0 0 0 0/1 16:19 4:30 0:47
Yakov Trenin 0 0 0 0 0 1 1 0 0 1 0/0 6:11 0:00 0:00
Zach Hyman 0 0 0 0 0 0 0 0 1 0 1/1 15:05 4:31 0:00
3 Stars
1 - Samuel Montembeault (CGY)
2 - J.T. Miller (CGY)
3 - Joel Eriksson Ek (CGY)
Power Play
Boston Bruins - 0 on 5 Attempt(s) - 0.00%
Calgary Flames - 0 on 5 Attempt(s) - 0.00%
Penalty Kill
Boston Bruins - 5 on 5 Attempt(s) - 100.00%
- Score 0 goal in Penalty Kill
Calgary Flames - 5 on 5 Attempt(s) - 100.00%
- Score 1 goal in Penalty Kill
Team Stat
Boston Bruins - Hits : 20 - Faceoff Wins : 21 - Blocked Shots : 4 - Penalty Minutes : 10
Calgary Flames - Hits : 17 - Faceoff Wins : 31 - Blocked Shots : 4 - Penalty Minutes : 10
Official
Referees : Kendrick Nicholson and Steve Kozari
Linesman : Unknown
Game Notes
No Game Note
Finance
Level 1 -- Attendance: 4891 (81.52%) -- Ticket Income $489,100
Level 2 -- Attendance: 3920 (78.40%) -- Ticket Income $235,200
Level 3 -- Attendance: 2317 (77.23%) -- Ticket Income $81,095
Level 4 -- Attendance: 3495 (69.90%) -- Ticket Income $87,375
Luxury Box -- Attendance: 787 (78.70%) -- Ticket Income $157,400
Game was played at the Scotiabank Saddledome.
Total Attendance: 15410 (77.05%)
Total Ticket Income: $1,050,170
Other Income: $367,560
Total Income: $1,417,730
Boston Bruins
5 vs 5 Forward
Center Left Wing Right Wing Time % Phy DF OF
1 Pavel Zacha Brandon Hagel Anthony Beauvillier 30 1 2 2
2 David Krejci Joel Farabee John-Jason Peterka 30 1 2 2
3 Ryan Donato Joe Veleno Morgan Geekie 25 1 2 2
4 Luke Kunin Otto Koivula Brandon Hagel 15 1 2 2
5 vs 5 Defense
Defense Defense Time % Phy DF OF
1 Charlie McAvoy Tyson Barrie 30 1 2 2
2 Samuel Girard Cam York 30 1 2 2
3 Matt Grzelcyk Samuel Bolduc 25 1 2 2
4 Charlie McAvoy Tyson Barrie 15 1 2 2
PowerPlay Forward
Center Left Wing Right Wing Time % Phy DF OF
1 Pavel Zacha Brandon Hagel Anthony Beauvillier 50 1 2 2
2 David Krejci Joel Farabee John-Jason Peterka 50 1 2 2
PowerPlay Defense
Defense Defense Time % Phy DF OF
1 Charlie McAvoy Tyson Barrie 50 1 2 2
2 Samuel Girard Cam York 50 1 2 2
Penalty Kill 4 Players Forward
Center Wing Time % Phy DF OF
1 Brandon Hagel Pavel Zacha 50 1 2 2
2 David Krejci Anthony Beauvillier 50 1 2 2
Penalty Kill 4 Players Defense
Defense Defense Time % Phy DF OF
1 Charlie McAvoy Tyson Barrie 50 1 2 2
2 Samuel Girard Cam York 50 1 2 2
Penalty Kill - 3 Players Forward
Forward Time % Phy DF OF
1 Brandon Hagel 50 1 2 2
2 Pavel Zacha 50 1 2 2
Penalty Kill - 3 Players Defense
Defense Defense Time % Phy DF OF
1 Charlie McAvoy Tyson Barrie 50 1 2 2
2 Samuel Girard Cam York 50 1 2 2
4 vs 4 Forward
Center Wing Time % Phy DF OF
1 Brandon Hagel Pavel Zacha 50 1 2 2
2 David Krejci Anthony Beauvillier 50 1 2 2
4 vs 4 Defense
Defense Defense Time % Phy DF OF
1 Charlie McAvoy Tyson Barrie 50 1 2 2
2 Samuel Girard Cam York 50 1 2 2
Last Minutes Offensive
Center Left Wing Right Wing Defense Defense
Pavel Zacha Brandon Hagel Anthony Beauvillier Charlie McAvoy Tyson Barrie
Last Minutes Defensive
Center Left Wing Right Wing Defense Defense
Pavel Zacha Brandon Hagel Anthony Beauvillier Charlie McAvoy Tyson Barrie
Goaltenders
Starting : Leevi Merilainen
Backup : Pyotr Kochetkov
Extra Forwards
Normal : Curtis Hall, Ryan Donato, Joe Veleno - PP : Curtis Hall, Ryan Donato - PK : Joe Veleno
Extra Defensemen
Normal : Matt Grzelcyk, Samuel Bolduc, Samuel Girard - PP : Matt Grzelcyk - PK : Samuel Bolduc, Samuel Girard
Penalty Shots
Brandon Hagel, Pavel Zacha, David Krejci, Anthony Beauvillier, Joel Farabee
Calgary Flames
5 vs 5 Forward
Center Left Wing Right Wing Time % Phy DF OF
1 J.T. Miller Matthew Tkachuk Joel Eriksson Ek 31 0 2 3
2 Sebastian Aho Zach Hyman Timo Meier 30 0 2 3
3 Nic Dowd Mathieu Joseph Oliver Bjorkstrand 29 0 2 3
4 Cole Sillinger Rafael Harvey-Pinard Yakov Trenin 10 1 3 1
5 vs 5 Defense
Defense Defense Time % Phy DF OF
1 Drew Doughty Jeff Petry 35 1 3 1
2 Ryan McDonagh Kris Letang 35 1 3 1
3 Michael Anderson Rasmus Andersson 30 1 3 1
4 Kris Letang Jeff Petry 0 1 3 1
PowerPlay Forward
Center Left Wing Right Wing Time % Phy DF OF
1 J.T. Miller Matthew Tkachuk Joel Eriksson Ek 50 0 0 5
2 Sebastian Aho Zach Hyman Timo Meier 50 0 0 5
PowerPlay Defense
Defense Defense Time % Phy DF OF
1 Kris Letang Drew Doughty 50 0 0 5
2 Rasmus Andersson Jeff Petry 50 0 0 5
Penalty Kill 4 Players Forward
Center Wing Time % Phy DF OF
1 Joel Eriksson Ek Mathieu Joseph 50 0 5 0
2 J.T. Miller Nic Dowd 50 0 5 0
Penalty Kill 4 Players Defense
Defense Defense Time % Phy DF OF
1 Jeff Petry Ryan McDonagh 50 0 5 0
2 Michael Anderson Drew Doughty 50 0 5 0
Penalty Kill - 3 Players Forward
Forward Time % Phy DF OF
1 J.T. Miller 50 0 5 0
2 Sebastian Aho 50 0 5 0
Penalty Kill - 3 Players Defense
Defense Defense Time % Phy DF OF
1 Kris Letang Jeff Petry 50 0 5 0
2 Michael Anderson Drew Doughty 50 0 5 0
4 vs 4 Forward
Center Wing Time % Phy DF OF
1 J.T. Miller Timo Meier 50 1 2 2
2 Sebastian Aho Zach Hyman 50 1 2 2
4 vs 4 Defense
Defense Defense Time % Phy DF OF
1 Kris Letang Jeff Petry 50 1 2 2
2 Drew Doughty Michael Anderson 50 1 2 2
Last Minutes Offensive
Center Left Wing Right Wing Defense Defense
J.T. Miller Matthew Tkachuk Sebastian Aho Kris Letang Drew Doughty
Last Minutes Defensive
Center Left Wing Right Wing Defense Defense
J.T. Miller Sebastian Aho Joel Eriksson Ek Ryan McDonagh Drew Doughty
Goaltenders
Starting : Samuel Montembeault
Backup : Ilya Sorokin
Extra Forwards
Normal : Nic Dowd, Joel Eriksson Ek, Mathieu Joseph - PP : Nic Dowd, Joel Eriksson Ek - PK : Mathieu Joseph
Extra Defensemen
Normal : Rasmus Andersson, Michael Anderson, Jeff Petry - PP : Rasmus Andersson - PK : Michael Anderson, Jeff Petry
Penalty Shots
J.T. Miller, Matthew Tkachuk, Sebastian Aho, Joel Eriksson Ek, Timo Meier
% Time on Ice - Boston Bruins
Lines # - Real PCT - Wanted PCT - Time Play
Normal Forward
1 - 26% - 30% - 10:54
2 - 31% - 30% - 12:54
3 - 25% - 25% - 10:29
4 - 17% - 15% - 6:55
Normal Defense
1 - 26% - 30% - 10:51
2 - 32% - 30% - 13:04
3 - 32% - 25% - 13:05
4 - 10% - 15% - 4:12
PP Forward
1 - 50% - 50% - 4:24
2 - 50% - 50% - 4:29
PP Defense
1 - 53% - 50% - 4:44
2 - 47% - 50% - 4:09
PK Forward
1 - 45% - 50% - 4:02
2 - 55% - 50% - 4:50
PK Defense
1 - 51% - 50% - 4:31
2 - 49% - 50% - 4:21
PK3 Forward
1 - 0% - 50%
2 - 0% - 50%
PK3 Defense
1 - 0% - 50%
2 - 0% - 50%
44 Forward
1 - 57% - 50% - 0:36
2 - 43% - 50% - 0:27
44 Defense
1 - 52% - 50% - 0:33
2 - 48% - 50% - 0:30
Last Minute Offensive - 0:00
Last Minute Defensive - 0:00
Total
Forward - 60:00
Defense - 60:00
|
% Time on Ice - Calgary Flames
Lines # - Real PCT - Wanted PCT - Time Play
Normal Forward
1 - 32% - 31% - 13:23
2 - 25% - 30% - 10:22
3 - 27% - 29% - 11:16
4 - 15% - 10% - 6:11
Normal Defense
1 - 37% - 35% - 15:04
2 - 34% - 35% - 14:02
3 - 29% - 30% - 11:54
4 - 0% - 0% - 0:12
PP Forward
1 - 49% - 50% - 4:21
2 - 51% - 50% - 4:31
PP Defense
1 - 54% - 50% - 4:47
2 - 46% - 50% - 4:05
PK Forward
1 - 50% - 50% - 4:28
2 - 50% - 50% - 4:25
PK Defense
1 - 50% - 50% - 4:29
2 - 50% - 50% - 4:24
PK3 Forward
1 - 0% - 50%
2 - 0% - 50%
PK3 Defense
1 - 0% - 50%
2 - 0% - 50%
44 Forward
1 - 54% - 50% - 0:34
2 - 46% - 50% - 0:29
44 Defense
1 - 73% - 50% - 0:46
2 - 27% - 50% - 0:17
Last Minute Offensive - 0:00
Last Minute Defensive - 0:00
Total
Forward - 60:00
Defense - 60:00
|
Play-by-Play
1st period
0:01 of 1st period - Anthony Beauvillier wins face-off versus J.T. Miller in neutral zone.
0:06 of 1st period - Snap shot by Brandon Hagel.
0:06 of 1st period - Stopped by Samuel Montembeault without a rebound.
0:07 of 1st period - J.T. Miller wins face-off versus Pavel Zacha in Calgary Flames zone.
0:15 of 1st period - Double Minor Penalty to Matthew Tkachuk for Charging.
0:16 of 1st period - Joel Eriksson Ek wins face-off versus Pavel Zacha in Calgary Flames zone.
3:31 of 1st period - David Krejci is hit by Drew Doughty and loses puck.
4:02 of 1st period - Ryan McDonagh is hit by Joe Veleno and loses puck.
4:15 of 1st period - Penalty to Matthew Tkachuk is over, Matthew Tkachuk is back on ice.
4:25 of 1st period - Snap shot by Rafael Harvey-Pinard.
4:25 of 1st period - Stopped by Leevi Merilainen with a rebound.
5:23 of 1st period - Icing by Michael Anderson.
5:24 of 1st period - Sebastian Aho wins face-off versus Ryan Donato in Calgary Flames zone.
5:39 of 1st period - John-Jason Peterka is hit by Mathieu Joseph and loses puck.
7:12 of 1st period - Icing by Yakov Trenin.
7:13 of 1st period - J.T. Miller wins face-off versus Ryan Donato in Calgary Flames zone.
7:50 of 1st period - Snap shot by Timo Meier.
7:50 of 1st period - Shot Misses the Net.
9:02 of 1st period - Off-side.
9:03 of 1st period - Sebastian Aho wins face-off versus Ryan Donato in neutral zone.
9:39 of 1st period - Wrist shot by Matthew Tkachuk.
9:39 of 1st period - Stopped by Leevi Merilainen with a rebound.
9:41 of 1st period - Snap shot by J.T. Miller.
9:41 of 1st period - Shot Blocked by Charlie McAvoy.
9:58 of 1st period - Wrist shot by Anthony Beauvillier.
9:58 of 1st period - Stopped by Samuel Montembeault with a rebound.
10:00 of 1st period - Wrist shot by Anthony Beauvillier.
10:00 of 1st period - Stopped by Samuel Montembeault with a rebound.
10:02 of 1st period - Slapshot by Samuel Girard.
10:02 of 1st period - Shot Misses the Net.
10:12 of 1st period - Joe Veleno is hit by Yakov Trenin and loses puck.
10:53 of 1st period - Wrist shot by David Krejci.
10:53 of 1st period - Shot Misses the Net.
10:55 of 1st period - Snap shot by David Krejci.
10:55 of 1st period - Stopped by Samuel Montembeault without a rebound.
10:56 of 1st period - J.T. Miller wins face-off versus David Krejci in Calgary Flames zone.
11:11 of 1st period - Snap shot by Matthew Tkachuk.
11:11 of 1st period - Shot Misses the Net.
11:23 of 1st period - Snap shot by Joel Farabee.
11:23 of 1st period - Stopped by Samuel Montembeault with a rebound.
11:25 of 1st period - Wrist shot by David Krejci.
11:25 of 1st period - Shot Misses the Net.
11:53 of 1st period - Slapshot by John-Jason Peterka.
11:53 of 1st period - Stopped by Samuel Montembeault with a rebound.
11:55 of 1st period - Snap shot by Joel Farabee.
11:55 of 1st period - Stopped by Samuel Montembeault without a rebound.
11:56 of 1st period - Nic Dowd wins face-off versus Pavel Zacha in Calgary Flames zone.
11:58 of 1st period - Minor Penalty to Michael Anderson for Holding.
11:59 of 1st period - Pavel Zacha wins face-off versus J.T. Miller in Calgary Flames zone.
12:11 of 1st period - Snap shot by Pavel Zacha.
12:11 of 1st period - Shot Blocked by Jeff Petry.
13:58 of 1st period - Penalty to Michael Anderson is over, Michael Anderson is back on ice.
14:29 of 1st period - Snap shot by Luke Kunin.
14:29 of 1st period - Stopped by Samuel Montembeault with a rebound.
14:31 of 1st period - Wrist shot by Luke Kunin.
14:31 of 1st period - Stopped by Samuel Montembeault without a rebound.
14:32 of 1st period - Sebastian Aho wins face-off versus Ryan Donato in Calgary Flames zone.
14:43 of 1st period - Wrist shot by Timo Meier.
14:43 of 1st period - Stopped by Leevi Merilainen without a rebound.
14:44 of 1st period - Nic Dowd wins face-off versus Pavel Zacha in Boston Bruins zone.
14:45 of 1st period - Slapshot by Oliver Bjorkstrand.
14:45 of 1st period - Deflect By Mathieu Joseph.
14:45 of 1st period - Shot Blocked by Tyson Barrie.
14:45 of 1st period - Puck is out of play.
14:46 of 1st period - Nic Dowd wins face-off versus Pavel Zacha in Boston Bruins zone.
14:47 of 1st period - Slapshot by Oliver Bjorkstrand.
14:47 of 1st period - Stopped by Leevi Merilainen without a rebound.
14:48 of 1st period - Nic Dowd wins face-off versus Brandon Hagel in Boston Bruins zone.
15:44 of 1st period - Icing by Drew Doughty.
15:45 of 1st period - Pavel Zacha wins face-off versus J.T. Miller in Calgary Flames zone.
16:04 of 1st period - Cam York is hit by J.T. Miller and loses puck.
17:07 of 1st period - Snap shot by Matthew Tkachuk.
17:07 of 1st period - Stopped by Leevi Merilainen with a rebound.
17:09 of 1st period - Wrist shot by Drew Doughty.
17:09 of 1st period - Shot Misses the Net.
17:11 of 1st period - Backhand shot by Joel Eriksson Ek.
17:11 of 1st period - Shot Misses the Net.
17:23 of 1st period - Snap shot by J.T. Miller.
17:23 of 1st period - Stopped by Leevi Merilainen without a rebound.
17:24 of 1st period - David Krejci wins face-off versus Nic Dowd in Boston Bruins zone.
18:09 of 1st period - Icing by Charlie McAvoy.
18:10 of 1st period - Cole Sillinger wins face-off versus Ryan Donato in Boston Bruins zone.
18:12 of 1st period - Minor Penalty to Rasmus Andersson for Tripping.
18:13 of 1st period - David Krejci wins face-off versus J.T. Miller in Calgary Flames zone.
19:22 of 1st period - Snap shot by Sebastian Aho.
19:22 of 1st period - Stopped by Leevi Merilainen with a rebound.
19:55 of 1st period - Icing by Ryan Donato.
19:56 of 1st period - J.T. Miller wins face-off versus Curtis Hall in Boston Bruins zone.
19:59 of 1st period - Snap shot by J.T. Miller.
19:59 of 1st period - Shot Misses the Net.
Goals for this period are 0 for Boston Bruins vs 0 for Calgary Flames.
Shots for this period are 9 for Boston Bruins vs 7 for Calgary Flames.
2nd period
0:01 of 2nd period - J.T. Miller wins face-off versus Pavel Zacha in neutral zone.
0:06 of 2nd period - Snap shot by J.T. Miller.
0:06 of 2nd period - Goal by J.T. Miller - Boston Bruins : 0 - Calgary Flames : 1.
0:07 of 2nd period - J.T. Miller wins face-off versus Anthony Beauvillier in neutral zone.
0:12 of 2nd period - Penalty to Rasmus Andersson is over, Rasmus Andersson is back on ice.
0:34 of 2nd period - Timo Meier is hit by Joel Farabee and loses puck.
1:16 of 2nd period - Snap shot by Oliver Bjorkstrand.
1:16 of 2nd period - Deflect By Joel Farabee.
1:16 of 2nd period - Shot Misses the Net.
1:16 of 2nd period - Puck is out of play.
1:17 of 2nd period - Nic Dowd wins face-off versus David Krejci in Boston Bruins zone.
1:31 of 2nd period - Minor Penalty to Charlie McAvoy for High sticking.
1:32 of 2nd period - Brandon Hagel wins face-off versus J.T. Miller in Boston Bruins zone.
1:47 of 2nd period - Slapshot by Joel Eriksson Ek.
1:47 of 2nd period - Stopped by Leevi Merilainen without a rebound.
1:48 of 2nd period - Zach Hyman wins face-off versus Brandon Hagel in Boston Bruins zone.
1:57 of 2nd period - Jeff Petry is hit by Pavel Zacha and loses puck.
2:26 of 2nd period - Wrist shot by Matthew Tkachuk.
2:26 of 2nd period - Shot Misses the Net.
2:42 of 2nd period - Zach Hyman is hit by Brandon Hagel and loses puck.
3:31 of 2nd period - Penalty to Charlie McAvoy is over, Charlie McAvoy is back on ice.
3:41 of 2nd period - Wrist shot by Mathieu Joseph.
3:41 of 2nd period - Deflect By Oliver Bjorkstrand.
3:41 of 2nd period - Stopped by Leevi Merilainen with a rebound.
3:47 of 2nd period - Morgan Geekie is hit by Rasmus Andersson.
3:59 of 2nd period - Cole Sillinger is hit by David Krejci and loses puck.
5:07 of 2nd period - Off-side.
5:08 of 2nd period - Luke Kunin wins face-off versus Sebastian Aho in neutral zone.
5:45 of 2nd period - Slapshot by Joel Eriksson Ek.
5:45 of 2nd period - Goal by Joel Eriksson Ek - Boston Bruins : 0 - Calgary Flames : 2.
5:46 of 2nd period - Nic Dowd wins face-off versus Pavel Zacha in neutral zone.
6:14 of 2nd period - Snap shot by Timo Meier.
6:14 of 2nd period - Stopped by Leevi Merilainen without a rebound.
6:15 of 2nd period - Sebastian Aho wins face-off versus David Krejci in Boston Bruins zone.
6:22 of 2nd period - Snap shot by Joel Farabee.
6:22 of 2nd period - Stopped by Samuel Montembeault without a rebound.
6:23 of 2nd period - Sebastian Aho wins face-off versus Pavel Zacha in Calgary Flames zone.
6:57 of 2nd period - Slapshot by Joel Farabee.
6:57 of 2nd period - Shot Misses the Net.
7:03 of 2nd period - David Krejci is hit by Mathieu Joseph.
7:20 of 2nd period - Minor Penalty to Charlie McAvoy for Interference.
7:21 of 2nd period - Sebastian Aho wins face-off versus Brandon Hagel in Boston Bruins zone.
8:11 of 2nd period - Zach Hyman is hit by Samuel Bolduc and loses puck.
8:20 of 2nd period - David Krejci is hit by Sebastian Aho and loses puck.
9:20 of 2nd period - Penalty to Charlie McAvoy is over, Charlie McAvoy is back on ice.
9:29 of 2nd period - Wrist shot by Joe Veleno.
9:29 of 2nd period - Stopped by Samuel Montembeault without a rebound.
9:30 of 2nd period - Ryan Donato wins face-off versus Nic Dowd in Calgary Flames zone.
9:33 of 2nd period - Slapshot by Tyson Barrie.
9:33 of 2nd period - Shot Blocked by Rasmus Andersson.
9:35 of 2nd period - Slapshot by Tyson Barrie.
9:35 of 2nd period - Stopped by Samuel Montembeault with a rebound.
9:37 of 2nd period - Slapshot by Charlie McAvoy.
9:37 of 2nd period - Stopped by Samuel Montembeault with a rebound.
9:39 of 2nd period - Snap shot by Joe Veleno.
9:39 of 2nd period - Stopped by Samuel Montembeault with a rebound.
9:41 of 2nd period - Snap shot by Ryan Donato.
9:41 of 2nd period - Shot Misses the Net.
9:43 of 2nd period - Snap shot by Joe Veleno.
9:43 of 2nd period - Deflect By Mathieu Joseph.
9:43 of 2nd period - Stopped by Samuel Montembeault without a rebound.
9:44 of 2nd period - David Krejci wins face-off versus Nic Dowd in Calgary Flames zone.
10:04 of 2nd period - Minor Penalty to John-Jason Peterka for Hooking.
10:05 of 2nd period - David Krejci wins face-off versus J.T. Miller in Boston Bruins zone.
10:18 of 2nd period - Snap shot by Matthew Tkachuk.
10:18 of 2nd period - Deflect By Joel Eriksson Ek.
10:18 of 2nd period - Stopped by Leevi Merilainen with a rebound.
10:20 of 2nd period - Slapshot by Jeff Petry.
10:20 of 2nd period - Stopped by Leevi Merilainen without a rebound.
10:21 of 2nd period - Sebastian Aho wins face-off versus Brandon Hagel in Boston Bruins zone.
10:24 of 2nd period - Wrist shot by Zach Hyman.
10:24 of 2nd period - Shot Misses the Net.
10:48 of 2nd period - Samuel Girard is hit by Matthew Tkachuk and loses puck.
11:09 of 2nd period - Timo Meier is hit by Samuel Girard and loses puck.
11:16 of 2nd period - Snap shot by David Krejci.
11:16 of 2nd period - Stopped by Samuel Montembeault with a rebound.
11:18 of 2nd period - Slapshot by Anthony Beauvillier.
11:18 of 2nd period - Stopped by Samuel Montembeault with a rebound.
11:20 of 2nd period - Wrist shot by David Krejci.
11:20 of 2nd period - Shot Misses the Net.
12:04 of 2nd period - Penalty to John-Jason Peterka is over, John-Jason Peterka is back on ice.
12:26 of 2nd period - Wrist shot by Luke Kunin.
12:26 of 2nd period - Stopped by Samuel Montembeault without a rebound.
12:27 of 2nd period - Luke Kunin wins face-off versus Cole Sillinger in Calgary Flames zone.
12:28 of 2nd period - Wrist shot by Brandon Hagel.
12:28 of 2nd period - Shot Blocked by Rafael Harvey-Pinard.
12:48 of 2nd period - Oliver Bjorkstrand is hit by Ryan Donato.
13:18 of 2nd period - Snap shot by Joel Farabee.
13:18 of 2nd period - Stopped by Samuel Montembeault with a rebound.
13:20 of 2nd period - Wrist shot by David Krejci.
13:20 of 2nd period - Stopped by Samuel Montembeault with a rebound.
14:14 of 2nd period - Slapshot by Jeff Petry.
14:14 of 2nd period - Stopped by Leevi Merilainen without a rebound.
14:15 of 2nd period - Luke Kunin wins face-off versus Nic Dowd in Boston Bruins zone.
15:04 of 2nd period - Joel Eriksson Ek is hit by Brandon Hagel and loses puck.
16:06 of 2nd period - Minor Penalty to Matt Grzelcyk for Tripping.
16:07 of 2nd period - David Krejci wins face-off versus Sebastian Aho in Boston Bruins zone.
17:01 of 2nd period - Snap shot by Rasmus Andersson.
17:01 of 2nd period - Shot Misses the Net.
17:03 of 2nd period - Slapshot by Rasmus Andersson.
17:03 of 2nd period - Stopped by Leevi Merilainen without a rebound.
17:04 of 2nd period - David Krejci wins face-off versus Oliver Bjorkstrand in Boston Bruins zone.
17:15 of 2nd period - Samuel Girard is hit by Jeff Petry and loses puck.
18:06 of 2nd period - Penalty to Matt Grzelcyk is over, Matt Grzelcyk is back on ice.
18:20 of 2nd period - Snap shot by Pavel Zacha.
18:20 of 2nd period - Shot Misses the Net.
19:56 of 2nd period - Zach Hyman is hit by Morgan Geekie and loses puck.
Goals for this period are 0 for Boston Bruins vs 2 for Calgary Flames.
Shots for this period are 11 for Boston Bruins vs 9 for Calgary Flames.
3rd period
0:01 of 3rd period - Sebastian Aho wins face-off versus Pavel Zacha in neutral zone.
0:04 of 3rd period - Wrist shot by Timo Meier.
0:04 of 3rd period - Shot Misses the Net.
0:12 of 3rd period - Wrist shot by Charlie McAvoy.
0:12 of 3rd period - Shot Misses the Net.
0:26 of 3rd period - Nic Dowd is hit by John-Jason Peterka and loses puck.
0:49 of 3rd period - Snap shot by Morgan Geekie.
0:49 of 3rd period - Stopped by Samuel Montembeault with a rebound.
0:59 of 3rd period - Minor Penalty to Rasmus Andersson for Holding.
1:00 of 3rd period - J.T. Miller wins face-off versus Pavel Zacha in Calgary Flames zone.
1:12 of 3rd period - Slapshot by Jeff Petry.
1:12 of 3rd period - Stopped by Leevi Merilainen without a rebound.
1:13 of 3rd period - Joel Eriksson Ek wins face-off versus Pavel Zacha in Boston Bruins zone.
1:55 of 3rd period - Minor Penalty to Tyson Barrie for Holding Stick.
1:56 of 3rd period - Brandon Hagel wins face-off versus J.T. Miller in Boston Bruins zone.
2:59 of 3rd period - Penalty to Rasmus Andersson is over, Rasmus Andersson is back on ice.
3:55 of 3rd period - Penalty to Tyson Barrie is over, Tyson Barrie is back on ice.
4:12 of 3rd period - Joe Veleno is hit by Cole Sillinger and loses puck.
4:28 of 3rd period - Nic Dowd is hit by Joel Farabee and loses puck.
4:39 of 3rd period - Mathieu Joseph is hit by Luke Kunin and loses puck.
5:19 of 3rd period - Charlie McAvoy is hit by Sebastian Aho and loses puck.
5:40 of 3rd period - Brandon Hagel is hit by Matthew Tkachuk and loses puck.
5:59 of 3rd period - Michael Anderson is hit by Morgan Geekie and loses puck.
6:14 of 3rd period - Icing by Yakov Trenin.
6:15 of 3rd period - Luke Kunin wins face-off versus Sebastian Aho in Calgary Flames zone.
6:16 of 3rd period - Slapshot by Matt Grzelcyk.
6:16 of 3rd period - Shot Blocked by Rasmus Andersson.
6:26 of 3rd period - Snap shot by Timo Meier.
6:26 of 3rd period - Stopped by Leevi Merilainen with a rebound.
6:28 of 3rd period - Slapshot by Rasmus Andersson.
6:28 of 3rd period - Stopped by Leevi Merilainen without a rebound.
6:29 of 3rd period - David Krejci wins face-off versus Sebastian Aho in Boston Bruins zone.
6:29 of 3rd period - Joel Farabee is hit by Ryan McDonagh.
6:55 of 3rd period - J.T. Miller is hit by Samuel Girard and loses puck.
8:13 of 3rd period - Snap shot by Joel Eriksson Ek.
8:13 of 3rd period - Shot Misses the Net.
8:43 of 3rd period - Slapshot by Pavel Zacha.
8:43 of 3rd period - Shot Misses the Net.
9:21 of 3rd period - Snap shot by Rafael Harvey-Pinard.
9:21 of 3rd period - Shot Blocked by Matt Grzelcyk.
9:23 of 3rd period - Slapshot by Cole Sillinger.
9:23 of 3rd period - Shot Misses the Net.
9:25 of 3rd period - Slapshot by Ryan McDonagh.
9:25 of 3rd period - Deflect By Yakov Trenin.
9:25 of 3rd period - Stopped by Leevi Merilainen without a rebound.
9:26 of 3rd period - Sebastian Aho wins face-off versus Ryan Donato in Boston Bruins zone.
9:29 of 3rd period - Slapshot by Timo Meier.
9:29 of 3rd period - Shot Blocked by Joe Veleno.
9:39 of 3rd period - Wrist shot by Joe Veleno.
9:39 of 3rd period - Stopped by Samuel Montembeault without a rebound.
9:40 of 3rd period - David Krejci wins face-off versus Sebastian Aho in Calgary Flames zone.
10:34 of 3rd period - Wrist shot by Oliver Bjorkstrand.
10:34 of 3rd period - Stopped by Leevi Merilainen without a rebound.
10:35 of 3rd period - David Krejci wins face-off versus Sebastian Aho in Boston Bruins zone.
10:42 of 3rd period - Snap shot by Sebastian Aho.
10:42 of 3rd period - Stopped by Leevi Merilainen without a rebound.
10:43 of 3rd period - Sebastian Aho wins face-off versus David Krejci in Boston Bruins zone.
10:54 of 3rd period - Snap shot by Sebastian Aho.
10:54 of 3rd period - Shot Misses the Net.
10:56 of 3rd period - Slapshot by Kris Letang.
10:56 of 3rd period - Stopped by Leevi Merilainen without a rebound.
10:57 of 3rd period - Pavel Zacha wins face-off versus Timo Meier in Boston Bruins zone.
10:57 of 3rd period - Pavel Zacha is hit by Kris Letang.
11:13 of 3rd period - Slapshot by Tyson Barrie.
11:13 of 3rd period - Stopped by Samuel Montembeault without a rebound.
11:14 of 3rd period - J.T. Miller wins face-off versus David Krejci in Calgary Flames zone.
11:33 of 3rd period - Joel Eriksson Ek is hit by David Krejci and loses puck.
11:50 of 3rd period - J.T. Miller is hit by Tyson Barrie and loses puck.
12:05 of 3rd period - Wrist shot by J.T. Miller.
12:05 of 3rd period - Stopped by Leevi Merilainen with a rebound.
12:07 of 3rd period - Wrist shot by Matthew Tkachuk.
12:07 of 3rd period - Stopped by Leevi Merilainen without a rebound.
12:08 of 3rd period - Pavel Zacha wins face-off versus Sebastian Aho in Boston Bruins zone.
12:13 of 3rd period - Jeff Petry is hit by Brandon Hagel and loses puck.
12:35 of 3rd period - Samuel Girard is hit by Jeff Petry.
13:12 of 3rd period - Zach Hyman is hit by Matt Grzelcyk and loses puck.
14:19 of 3rd period - J.T. Miller is hit by Otto Koivula and loses puck.
15:54 of 3rd period - Icing by Sebastian Aho.
15:55 of 3rd period - Sebastian Aho wins face-off versus Pavel Zacha in Calgary Flames zone.
16:02 of 3rd period - Snap shot by Mathieu Joseph.
16:02 of 3rd period - Stopped by Leevi Merilainen without a rebound.
16:03 of 3rd period - Nic Dowd wins face-off versus Joe Veleno in Boston Bruins zone.
17:22 of 3rd period - Icing by Anthony Beauvillier.
17:23 of 3rd period - Nic Dowd wins face-off versus Pavel Zacha in Boston Bruins zone.
17:26 of 3rd period - Snap shot by Oliver Bjorkstrand.
17:26 of 3rd period - Shot Misses the Net.
17:50 of 3rd period - Samuel Bolduc is hit by Matthew Tkachuk and loses puck.
17:55 of 3rd period - Wrist shot by J.T. Miller.
17:55 of 3rd period - Stopped by Leevi Merilainen with a rebound.
18:05 of 3rd period - David Krejci is hit by J.T. Miller and loses puck.
19:52 of 3rd period - Wrist shot by Ryan Donato.
19:52 of 3rd period - Stopped by Samuel Montembeault with a rebound.
19:54 of 3rd period - Slapshot by Samuel Bolduc.
19:54 of 3rd period - Deflect By Timo Meier.
19:54 of 3rd period - Stopped by Samuel Montembeault with a rebound.
Goals for this period are 0 for Boston Bruins vs 0 for Calgary Flames.
Shots for this period are 5 for Boston Bruins vs 11 for Calgary Flames.
Back to the Top